 Dungeon Crawl Stone Soup version 0.20.0-10-g0535bb4 (webtiles) character file.

548 Gorglomux the Covert (level 7, -4/53 HPs)
             Began as a Vampire Assassin on June 4, 2017.
             Slain by a centaur (10 damage)
             ... on level 6 of the Dungeon.
             The game lasted 00:09:52 (5214 turns).

Gorglomux the Covert (Vampire Assassin)             Turns: 5214, Time: 00:09:53

Health: -4/53      AC:  3    Str: 10    XL:     7   Next: 7%
Magic:  7/7        EV: 12    Int: 16    God:
Gold:   262        SH:  0    Dex: 15    Spells: 3/6 levels left

rFire    . . .     SeeInvis +   b - +0 blowgun
rCold    + . .     Gourm    .   (no shield)
rNeg     + . .     Faith    .   M - +0 robe
rPois    .         Spirit   .   (no helmet)
rElec    .         Reflect  .   d - +0 cloak
rCorr    .         Harm     .   (no gloves)
MR       .....                  (no boots)
Stlth    ++++......             (no amulet)
Regen    0.2/turn               c - ring of protection from cold
MPRegen  0.1/turn               (no ring)

@: no status effects
A: fangs 3, see invisible, unbreathing
a: Bat Form


You were on level 6 of the Dungeon.
You were not thirsty.

You visited 1 branch of the dungeon, and saw 6 of its levels.
You also visited: Sewer.

You collected 262 gold pieces.

Inventory:

Hand Weapons
 a - a +2 dagger
 b - a +0 blowgun (weapon)
Missiles
 e - 22 poisoned needles (quivered)
Armour
 d - a +0 cloak (worn)
 M - a +0 robe (worn)
Jewellery
 c - a ring of protection from cold (left hand)
Wands
 I - a wand of iceblast (5/15)
Scrolls
 r - 3 scrolls of remove curse
 G - a scroll of blinking {unknown}
 J - 3 scrolls of fear {unknown}
 K - a scroll of magic mapping {unknown}
 P - 2 scrolls of recharging
 R - a scroll of enchant armour {unknown}
 S - a scroll of fog {unknown}
 T - 4 scrolls of teleportation
Potions
 q - 19 potions of blood
 H - 2 potions of magic {unknown}
 N - a potion of mutation {unknown}
 O - a potion of heal wounds {unknown}
 Q - 3 potions of curing
 U - a potion of agility {unknown}
 V - a potion of haste {unknown}
 W - a potion of might {unknown}
 X - 2 potions of invisibility {unknown}
 Z - 2 potions of brilliance {unknown}
Books
 L - a book of Misfortune

   Spells                             Type                      Level
   a - Confusing Touch                Hexes                        1
   b - Confuse                        Hexes                        3
   c - Gell's Gravitas                Translocation                3
   d - Petrify                        Transmutation/Earth          4
   e - Metabolic Englaciation         Hexes/Ice                    5
   f - Yara's Violent Unravelling     Hexes/Transmutation          5
 Y - a book of Minor Magic

   Spells                             Type                      Level
   a - Magic Dart                     Conjuration                  1
   b - Blink                          Translocation                2
   c - Call Imp                       Summoning                    2
   d - Slow                           Hexes                        2
   e - Conjure Flame                  Conjuration/Fire             3
   f - Mephitic Cloud                 Conjuration/Poison/Air       3


   Skills:
 - Level 3.8 Fighting
 + Level 5.5 Short Blades
 - Level 1.5 Throwing
 - Level 1.1 Dodging
 - Level 9.0 Stealth
 + Level 0.3 Spellcasting
 + Level 0.4 Hexes


You had 3 spell levels left.
You knew the following spells:

 Your Spells              Type           Power        Failure   Level  Hunger
x - Confuse               Hex            #.......     54%         3    ####...


Dungeon Overview and Level Annotations

Branches:
Dungeon (6/15)
 Temple: D:4-7

Altars:
Cheibriados
Okawaru
Qazlal
Vehumet
Xom
Zin
The Shining One

Shops:
D:5 [

Annotations:
D:4 maniacrov's ghost, amateur DsMo
D:5 Menkaure


Innate Abilities, Weirdness & Mutations

You have razor-sharp teeth.
You have supernaturally acute eyesight. (SInv)
You can survive without breathing.


Message History

The centaur is heavily wounded.
The centaur misses you.
Firing (i - inventory):
e - 24 poisoned needles (quivered)
Press: ? - help, Shift-Dir - straight line, f/p - centaur
Aim: a centaur (heavily wounded, poisoned)
You shoot a poisoned needle. The poisoned needle hits the centaur.
The centaur looks even sicker.
The centaur is heavily wounded.
The centaur closely misses you. The centaur hits you!
* * * LOW HITPOINT WARNING * * *
Firing (i - inventory):
e - 23 poisoned needles (quivered)
Press: ? - help, Shift-Dir - straight line, f/p - centaur
Aim: a centaur (heavily wounded, poisoned)
You shoot a poisoned needle. The poisoned needle hits the centaur.
The centaur looks even sicker.
The centaur is heavily wounded.
The centaur hits you.
* * * LOW HITPOINT WARNING * * *
You feel better. The centaur hits you!
You die...

#..
#.######.....#
##..###.#
#####.#
.#.......# #.#
.<......## #<##
.
#.###.#.###...
#... ..
#.(........
#..#
#.###(#.###....
##<# #...(#.#
.. #.# #...@..#
#)# ###c.###
#.# ..... #..
#(#.##. ###
#.#< .. # ## #.
.# .


You could see a centaur.

Vanquished Creatures
  2 centaurs
  A hound (D:5)
  An orc priest (D:2)
  Jessica (D:3)
  A bullfrog skeleton (D:4)
  2 orc wizards (D:5)
  2 worker ants (D:5)
  9 adders
  An adder skeleton (D:3)
  A worm (D:3)
  3 dart slugs
  2 leopard geckos
  7 orcs
  7 giant cockroaches
  11 hobgoblins
  3 quokkas
  3 ball pythons
  9 bats
  6 frilled lizards
  7 goblins
  4 kobolds
  8 rats
  2 butterflies (D:3)
93 creatures vanquished.

Notes
Turn   | Place    | Note
-------+----------+-------------------------------------------
     0 | D:1      | Gorglomux the Vampire Assassin began the quest for the Orb.
     0 | D:1      | Reached XP level 1. HP: 16/16 MP: 1/1
   241 | D:1      | Reached skill level 6 in Stealth
   479 | D:1      | Reached XP level 2. HP: 22/22 MP: 2/2
  1225 | D:1      | Reached skill level 3 in Short Blades
  1225 | D:1      | Reached XP level 3. HP: 20/27 MP: 3/3
  1552 | D:2      | Found a snail-covered altar of Cheibriados.
  1785 | D:2      | Reached XP level 4. HP: 34/34 MP: 4/4
  2037 | D:2      | Reached skill level 7 in Stealth
  2687 | D:3      | Found a shimmering altar of Xom.
  2974 | D:3      | Reached XP level 5. HP: 40/40 MP: 5/5
  3028 | D:3      | Noticed Jessica
  3042 | D:3      | Killed Jessica
  3042 | D:3      | Reached skill level 3 in Fighting
  3169 | D:3      | Found an iron altar of Okawaru.
  3424 | D:4      | Noticed maniacrov's ghost (amateur DsMo)
  3492 | D:4      | Found a radiant altar of Vehumet.
  3504 | D:4      | Found a glowing golden altar of the Shining One.
  3533 | D:5      | Entered Level 5 of the Dungeon
  3650 | D:4      | Learned a level 3 spell: Confuse
  3722 | D:4      | Noticed a centaur
  3730 | D:4      | Killed a centaur
  3862 | D:4      | Found a glowing drain.
  3872 | D:4      | Reached XP level 6. HP: 34/47 MP: 6/6
  3879 | Sewer    | Entered a sewer
  4096 | Sewer    | Reached skill level 8 in Stealth
  4472 | D:5      | Noticed Menkaure
  4491 | D:5      | Found Wiyfaf's Armour Shoppe.
  4504 | D:5      | Found a stormy altar of Qazlal.
  4941 | D:5      | Reached skill level 9 in Stealth
  4941 | D:5      | Reached XP level 7. HP: 53/53 MP: 7/7
  5039 | D:5      | Found a glowing silver altar of Zin.
  5213 | D:6      | HP: 1/53 [centaur (6)]
  5214 | D:6      | Slain by a centaur

Skill      XL: |  1  2  3  4  5  6 |
---------------+-------------------+-----
Fighting       | 2 3 |  3.8
Stealth        | 6 7 9 |  9.0
Short Blades   | 3 4 5 |  5.5
Throwing       | |  1.5
Dodging        | |  1.1
Spellcasting   | |  0.3
Hexes          | |  0.4

Action                   |  1- 3 |  4- 6 |  7- 9 || total
-------------------------+-------+-------+-------++-------
Melee: Dagger            |    92 |   150 |    29 ||   271
       Bite              |     7 |     5 |     5 ||    17
       Unarmed           |       |     2 |       ||     2
 Fire: Blowgun           |     4 |    21 |     4 ||    29
Throw: Throwing net      |     1 |       |       ||     1
 Abil: End Transformatio |       |     2 |     1 ||     3
       Bat Form          |       |     2 |     1 ||     3
  Use: Potion            |       |     5 |     5 ||    10
       Scroll            |       |     6 |       ||     6
 Stab: Sleeping          |    11 |    23 |     1 ||    35
       Distracted        |     1 |       |       ||     1
Armor: Robe              |    17 |    24 |     3 ||    44
Dodge: Dodged            |    46 |    78 |    23 ||   147
